 Dungeon Crawl Stone Soup version 0.27.1-33-g824d729ab1 (webtiles) character file.

Game seed: 14247273306475052736

62 spacecowboy273 the Cudgeller (level 3, -1/31 HPs)
             Began as a Minotaur Berserker on Dec 4, 2021.
             Was a Believer of Trog.
             Splashed by a jelly's acid (3 damage)
             ... on level 2 of the Dungeon.
             The game lasted 00:01:57 (944 turns).

spacecowboy273 the Cudgeller (Minotaur Berserker)    Turns: 944, Time: 00:01:57

Health: -1/31      AC:  7    Str: 21    XL:     3   Next: 85%
Magic:  2/2        EV: 10    Int:  5    God:    Trog [**....]
Gold:   45         SH:  0    Dex:  9    Spells: 2/2 levels left

rFire    . . .     SeeInvis .   a - +0 mace
rCold    . . .     Faith    .   (no shield)
rNeg     . . .     Spirit   .   c - +0 scale mail
rPois    .         Reflect  .   (helmet restricted)
rElec    .         Harm     .   (no cloak)
rCorr    .         Rampage  .   d - +0 pair of gloves
Will     .....                  (no boots)
Stlth    ..........             (no amulet)
HPRegen  0.10/turn              (no ring)
MPRegen  0.08/turn              (no ring)

@: no status effects
A: horns 2, retaliatory headbutt
a: Renounce Religion, Berserk, Trog's Hand


You were on level 2 of the Dungeon.
You worshipped Trog.
Trog was pleased with you.
You visited 1 branch of the dungeon, and saw 2 of its levels.

You collected 45 gold pieces.

Inventory:

Hand Weapons
 a - a +0 mace (weapon)
Armour
 b - a +0 animal skin
 c - a +0 scale mail (worn)
 d - a +0 pair of gloves (worn)
Scrolls
 e - 2 scrolls of immolation {unknown}
 f - a scroll of holy word {unknown}
Potions
 g - a potion of degeneration {unknown}


   Skills:
 - Level 3.6 Fighting
 + Level 5.8 Maces & Flails
 - Level 2.4 Armour
 - Level 2.1 Dodging


You had 2 spell levels left.
You didn't know any spells.
Your spell library was empty.

Dungeon Overview and Level Annotations

Branches:
Dungeon (2/15)

Altars:


Innate Abilities, Weirdness & Mutations

You have a pair of horns on your head.
You reflexively headbutt those who attack you in melee.


Message History

The hobgoblin is moderately wounded.
The hobgoblin hits you but does no damage.
The goblin closely misses you.
You closely miss the hobgoblin. Your headbutt misses the hobgoblin.
The hobgoblin is moderately wounded.
The goblin no longer looks unusually strong.
The hobgoblin barely misses you. The goblin hits you with a +0 dagger.
You barely miss the hobgoblin. Your headbutt misses the hobgoblin.
The hobgoblin is moderately wounded.
The hobgoblin no longer looks unusually strong.
The hobgoblin closely misses you. The goblin hits you but does no damage.
You barely miss the hobgoblin. You headbutt the hobgoblin.
You kill the hobgoblin!
Trog accepts your kill. The goblin barely misses you.
Items here: ! )))) [[ ††††.
You hit the goblin but do no damage. The goblin hits you with a +0 dagger.
You hit the goblin.
You kill the goblin!
Trog accepts your kill.
g - a white potion
Items here: ))))) [[ ††††.
Things that are here:
a +0 dagger; a +0 club; a +0 dagger
Okay, then.
Items here: ))))) [[ ††††.
Okay, then.
You hit the jelly.
Your hands burn!
The jelly is lightly wounded.
The jelly hits you but does no damage.
You sock the jelly!
Your hands burn!
The jelly is severely wounded.
The jelly hits you.
You are splashed with acid!
* * * LOW HITPOINT WARNING * * *
You hit the jelly.
Your hands burn!
* * * LOW HITPOINT WARNING * * *
The jelly is almost dead.
The jelly hits you but does no damage.
You hit the jelly but do no damage.
Your hands burn!
You die...

#.# .. #.#
.......## ..
........###.##
.........##..#
..........##.#
...........#)#
...(.......#@#
⌠..⌠.......#J##
######
♣$...†...'..#
#.....
♣(.......)..##
#.#.##.....
⌠..g.......##..#
#.#.#......
...........###†#
#.#.#......
...........#
#.## #.#.#......
..........##
#..# #.#.#......
.........##
##'###.#.#......


You could see a jelly.

Vanquished Creatures
  Robin (D:2)
  A gnoll (D:1)
  A dart slug (D:2)
  2 ball pythons (D:2)
  5 bats
  An endoplasm (D:1)
  A giant cockroach (D:1)
  13 goblins
  4 hobgoblins (D:2)
  A quokka (D:2)
  3 rats
33 creatures vanquished.

Notes
Turn   | Place    | Note
-------+----------+-------------------------------------------
     0 | D:1      | spacecowboy273 the Minotaur Berserker began the quest for
                  | the Orb.
     0 | D:1      | Reached XP level 1. HP: 19/19 MP: 0/0
   133 | D:1      | Reached skill level 4 in Maces & Flails
   133 | D:1      | Reached XP level 2. HP: 21/26 MP: 1/1
   191 | D:1      | Found a faded altar of an unknown god.
   682 | D:2      | Reached skill level 5 in Maces & Flails
   857 | D:2      | Reached XP level 3. HP: 31/31 MP: 2/2
   893 | D:2      | Noticed Robin
   923 | D:2      | Reached ** piety under Trog
   928 | D:2      | Killed Robin
   944 | D:2      | Splashed by a jelly's acid

Illustrated notes

Levels and vault maps discovered:
D:1:      amcnicky_arrival_flooded_fountain, layout_rooms,
          ebering_ecumenical_altar_hall, minmay_misc_feat_diagonals,
          minmay_misc_feat_cross
D:2:      kennysheep_big_flooded_room, layout_basic, minmay_diced_spiral,
          uniq_terence, uniq_sigmund, uniq_robin

Skill      XL: |  1  2 |
---------------+-------+-----
Maces & Flails | 4 5 |  5.8
Fighting       | |  3.6
Armour         | |  2.4
Dodging        | |  2.1

Action                   || total
-------------------------++-------
Melee: Mace              ||    63
       Headbutt          ||     4
Armor: Animal skin       ||     1
       Scale mail        ||    34
Dodge: Dodged            ||    36
